 Dungeon Crawl Stone Soup version 0.30-a0-953-g5f1da4a474 (webtiles) character file.

Game seed: 7015691108135902560

686 Jackthecabe the Sneak (level 7, -7/38 HPs)
             Began as a Vine Stalker Brigand on Mar 28, 2023.
             Was an Initiate of Wu Jian.
             Mangled by a killer bee (8 damage)
             ... on level 5 of the Dungeon.
             The game lasted 00:07:50 (3528 turns).

Jackthecabe the Sneak (Vine Stalker Brigand)        Turns: 3528, Time: 00:07:51

Health: -7/38      AC:  6    Str: 14    XL:     7   Next: 62%
Magic:  0/8        EV: 11    Int: 11    God:    Wu Jian [......]
Gold:   226        SH:  0    Dex: 17    Spells: 6/6 levels left

rFire   . . .      SeeInvis .    k - +3 dagger
rCold   + . .      Faith    .    (no shield)
rNeg    . . .      Spirit   +    w - +1 leather armour {rC+}
rPois   .          Reflect  .    A - +0 helmet
rElec   .          Rampage  .    c - +0 cloak
rCorr   .                        (no gloves)
Will    .....                    (no boots)
Stlth   +++                      g - amulet of regeneration
HPRegen 1.86/turn                (no ring)
MPRegen 0.11/turn                (no ring)

@: lethally poisoned (-7 -> -15)
A: fangs 2, regeneration 1, magic shield, antimagic bite, no potion heal 2
a: Renounce Religion


You were on level 5 of the Dungeon.
You worshipped Wu Jian.
Wu Jian was noncommittal.
You visited 2 branches of the dungeon, and saw 6 of its levels.

You collected 226 gold pieces.


Innate Abilities, Weirdness & Mutations

You have extremely sharp teeth.
Your natural rate of healing is unusually fast.
When hurt, damage is shared between your health and your magic reserves.
Your bite disrupts and absorbs the magic of your enemies.
Potions cannot restore your health.


   Skills:
 * Level 4.9 Fighting
 * Level 4.9 Short Blades
 - Level 1.7 Throwing
 - Level 0.7 Dodging
 + Level 6.8 Stealth


You had 6 spell levels left.
You didn't know any spells.
Your spell library contained the following spells:

 Spells                   Type           Power      Damage    Failure   Level
 Sandblast                Erth           0%         2d4       41%         1
 Passwall                 Tmut/Erth      0%         N/A       56%         2
 Stone Arrow              Conj/Erth      0%         3d7       80%         3

Inventory:

Hand Weapons
 a - a +2 dagger
 k - a +3 dagger (weapon)
Missiles
 d - 19 poisoned darts (quivered)
 e - 3 curare-tipped darts {=f}
Armour
 b - a +0 robe
 c - a +0 cloak (worn)
 w - a +1 leather armour of cold resistance (worn)
 A - a +0 helmet (worn)
Magical Staves
 i - a staff of fire {!a}
Jewellery
 g - an amulet of regeneration (around neck)
 o - an amulet of reflection
 P - a ring of poison resistance
Scrolls
 f - 5 scrolls of identify {unknown}
 h - a scroll of brand weapon {unknown}
 l - a scroll of magic mapping {unknown}
 n - a scroll of vulnerability {unknown}
 q - a scroll of enchant armour {unknown}
 s - a scroll of poison {unknown}
 t - 2 scrolls of immolation {unknown}
 x - 2 scrolls of noise {unknown}
 y - 2 scrolls of teleportation {unknown}
 z - a scroll of fog {unknown}
 B - 4 scrolls of butterflies {unknown}
Potions
 j - 2 potions of cancellation
 m - 2 potions of curing {unknown}
 p - 2 potions of lignification {unknown}
 r - a potion of heal wounds {unknown}
 u - a potion of ambrosia {unknown}
 v - 2 potions of invisibility {unknown}
 C - a potion of brilliance {unknown}

Dungeon Overview and Level Annotations

Branches:
Dungeon (5/15)             Temple (1/1) D:4

Altars:
Dithmenos
Elyvilon
Fedhas
Gozag
Hepliaklqana
Kikubaaqudgha
Makhleb
Nemelex Xobeh
Qazlal
Ru
Sif Muna
Trog
Uskayaw
Wu Jian
Yredelemnul
Zin
The Shining One

........####........# #y.....
..........[.........##.......
.............##......#......
#####........##......#....#
.####................#....#######
.........##..........#....##.....
.........##........y..†...##.....
..........#....yy###.....#..(....
##..............@# #.............
##.......##......# #............#
##.......##....### #............#
##......###....# #.....#....:..
##......###..^.######...##.......
##......#.........#..............
###.....#.........#........).##..
# #.....#....................##..
###.....#...........#............


You could see 2 killer bees.


Message History

* * * LOW HITPOINT WARNING * * *
You are more poisoned.
The killer bee poisons you!
You hit the killer bee. Your bite misses the killer bee.
The killer bee is heavily wounded.
* * * LOW HITPOINT WARNING * * *
You feel very sick. The killer bee closely misses you.
The killer bee stings you but does no damage.
Unknown command.
Unknown command.
You closely miss the killer bee.
The killer bee is heavily wounded.
* * * LOW HITPOINT WARNING * * *
You feel very sick. The killer bee stings you.
* * * LOW HITPOINT WARNING * * *
The killer bee closely misses you.
Unknown command.
Okay, then.
You aren't carrying any items that you can evoke.
Okay, then.
It was a potion of cancellation.
You feel magically purged.
* * * LOW HITPOINT WARNING * * *
You feel very sick. The killer bee closely misses you.
The killer bee stings you.
* * * LOW HITPOINT WARNING * * *
You are more poisoned.
The killer bee poisons you! The killer bee stings you!
You die...

Skill      XL: |  1  2  3  4  5  6 |
---------------+-------------------+-----
Fighting       | 2 3 4 |  4.9
Short Blades   | 2 3 4 |  4.9
Stealth        | 5 6 |  6.8
Throwing       | |  1.7
Dodging        | |  0.7

Action                     |  1- 3 |  4- 6 |  7- 9 || total
---------------------------+-------+-------+-------++-------
  Melee: Dagger            |    89 |   147 |    30 ||   266
         Bite              |    15 |    38 |    10 ||    63
         Punch             |     1 |     4 |     1 ||     6
Ability: Lunge             |       |     2 |     1 ||     3
    Use: Potion            |       |       |     1 ||     1
   Stab: Sleeping          |    12 |    13 |       ||    25
 Armour: Robe              |    16 |    15 |       ||    31
         Leather armour    |       |    28 |     8 ||    36
  Dodge: Dodged            |    33 |    66 |    33 ||   132

Levels and vault maps discovered:
D:1:      dpeg_arrival_rooms_a, layout_loops_cross, hangedman_decor_slide_cut,
          serial_bayou_pond_e
D:2:      minmay_diamond_boxcup, layout_rooms, st_stairs_6
D:3:      layout_basic, shapermc_ecumenical_altar_mp_highgroup, serial_curves,
          eino_curves_03, eino_curves_04
D:4:      layout_cave_pools, good_gods_temple_1, mainiacjoe_overflow_brackets,
          mainiacjoe_overflow_six_doors_small, temple_hall, moated_statue,
          lemuel_flame_loot_1, uniq_menkaure
D:5:      layout_basic, kiku_gazebo_garden_becter,
          nicolae_overflow_hidden_temple, corexii_checkpoint_a
Temple:   chequers_temple_sunken

Notes
Turn   | Place    | Note
-------+----------+-------------------------------------------
     0 | D:1      | Jackthecabe the Vine Stalker Brigand began the quest for
                  | the Orb.
     0 | D:1      | Reached XP level 1. HP: 11/11 MP: 2/2
    83 | D:1      | You fall into a shaft and drop 1 floor!
   114 | D:2      | Reached skill level 2 in Fighting
   114 | D:2      | Reached skill level 2 in Short Blades
   122 | D:2      | Reached skill level 5 in Stealth
   122 | D:2      | Reached XP level 2. HP: 9/15 MP: 3/3
   338 | D:1      | Reached XP level 3. HP: 18/19 MP: 2/4
  1077 | D:2      | Gained mutation: Your natural rate of healing is unusually
                  | fast. [Vine Stalker growth]
  1077 | D:2      | Reached XP level 4. HP: 23/23 MP: 5/5
  1147 | D:2      | Reached skill level 3 in Short Blades
  1408 | D:3      | Reached skill level 3 in Fighting
  1711 | D:3      | Found a faded altar of an unknown god.
  1928 | D:4      | Found a white marble altar of Elyvilon.
  1929 | D:4      | Found a glowing golden altar of the Shining One.
  1930 | D:4      | Found a glowing silver altar of Zin.
  1962 | D:3      | Reached XP level 5. HP: 16/28 MP: 2/6
  2066 | D:4      | Found a sparkling altar of Nemelex Xobeh.
  2198 | D:4      | Noticed Menkaure
  2248 | D:4      | Killed Menkaure
  2249 | D:4      | Reached skill level 6 in Stealth
  2249 | D:4      | Reached XP level 6. HP: 30/33 MP: 7/7
  2332 | D:3      | Reached skill level 4 in Short Blades
  2405 | D:4      | Found a shadowy altar of Dithmenos.
  2495 | D:4      | Found a staircase to the Ecumenical Temple.
  2639 | Temple   | Entered the Ecumenical Temple
  2664 | Temple   | Became a worshipper of the Wu Jian Council
  2694 | D:4      | Reached skill level 4 in Fighting
  2970 | D:5      | Entered Level 5 of the Dungeon
  2977 | D:5      | Noticed a wyvern
  3113 | D:5      | Killed a wyvern
  3114 | D:5      | Reached XP level 7. HP: 38/38 MP: 8/8
  3197 | D:5      | HP: 2/38 [ogre/+0 giant spiked club (20)]
  3313 | D:5      | Found an ancient bone altar of Kikubaaqudgha.
  3528 | D:5      | HP: 3/38 [poisoned by a killer bee]
  3528 | D:5      | HP: 1/38 [killer bee (2)]
  3528 | D:5      | Mangled by a killer bee

Vanquished Creatures
  A wyvern (D:5)
  Menkaure (D:4)
  A black bear (D:5)
  2 killer bees
  A jelly (D:5)
  7 adders
  7 gnolls
  3 worms
  A dart slug (D:4)
  6 orcs
  8 ball pythons
  4 endoplasms
  2 giant cockroaches (D:2)
  9 goblins
  7 hobgoblins
  2 jackals (D:1)
  5 quokkas
  5 bats
  4 frilled lizards
  7 kobolds
  5 rats
88 creatures vanquished.

Vanquished Creatures (others)
  2 plants (D:1)
2 creatures vanquished.

Grand Total: 90 creatures vanquished

Table legend: (Time is in decaauts)
 A = Elapsed time spent in this place.
 B = Non-inter-level travel time spent in this place.
 C = Inter-level travel time spent in this place.
 D = Time resting spent in this place.
 E = Time spent auto-exploring this place.
 F = Levels seen in this place.
 G = Mean time per level.
                   A        B        C        D        E       F      G
               +--------+--------+--------+--------+--------+-----+--------+
         Total |   3495 |   3210 |    285 |    151 |   2136 |   6 |  582.5 |
       Dungeon |   3446 |   3180 |    266 |    151 |   2121 |   5 |  689.2 |
        Temple |     48 |     30 |     18 |      0 |     14 |   1 |   48.0 |
               +--------+--------+--------+--------+--------+-----+--------+

Top non-repeatable levels by time:
     D:4: 1116 daAuts
     D:1: 797 daAuts
     D:3: 673 daAuts
     D:2: 459 daAuts
     D:5: 399 daAuts
  Temple: 48 daAuts

Table legend:
 A = Non-vault XP
 B = Vault XP
 C = Vault XP percentage of total XP
 D = Non-vault monster count
 E = Vault monster count
 F = Vault count percentage of total count
                 A         B        C        D         E       F
            +---------+---------+-------+---------+---------+-------
      Total |     777 |     204 |  20.8 |      74 |      14 |  15.9
            +---------+---------+-------+---------+---------+-------
        D:1 |      38 |       0 |   0.0 |      24 |       0 |   0.0
        D:2 |      64 |      32 |  33.3 |      14 |      11 |  44.0
        D:3 |      55 |       0 |   0.0 |      12 |       0 |   0.0
        D:4 |     174 |     169 |  49.3 |      18 |       1 |   5.3
        D:5 |     446 |       3 |   0.7 |       6 |       2 |  25.0
            +---------+---------+-------+---------+---------+-------
